 Dungeon Crawl Stone Soup version 0.28.0-43-g3370ac3207 (webtiles) character file.

Game seed: 3492417017553493649

45 pkoi the Firebug (level 3, 0/19 HPs)
             Began as a Deep Elf Fire Elementalist on Mar 21, 2022.
             Slain by a goblin
             ... wielding a +0 dagger
             ... led by Robin
              (3 damage)
             ... on level 2 of the Dungeon.
             The game lasted 00:02:02 (1744 turns).

pkoi the Firebug (Deep Elf Fire Elementalist)       Turns: 1744, Time: 00:02:04

Health: 0/19       AC:  2    Str:  5    XL:     3   Next: 42%
Magic:  1/10       EV: 12    Int: 21    God:
Gold:   35         SH:  0    Dex: 15    Spells: 0/9 levels left

rFire   . . .      SeeInvis .   f - +3 dagger
rCold   . . .      Faith    .   (no shield)
rNeg    . . .      Spirit   .   a - +0 robe
rPois   .          Reflect  .   (no helmet)
rElec   .          Harm     .   (no cloak)
rCorr   .          Rampage  .   (no gloves)
Will    .....                   (no boots)
Stlth   ++........              (no amulet)
HPRegen 0.06/turn               (no ring)
MPRegen 0.12/turn               (no ring)

@: no status effects
A: no striking features
a: no special abilities


You were on level 2 of the Dungeon.
You visited 1 branch of the dungeon, and saw 2 of its levels.

You collected 35 gold pieces.

Inventory:

Hand Weapons
 c - a +0 mace
 f - a +3 dagger (weapon)
Armour
 a - a +0 robe (worn)
Scrolls
 e - 7 scrolls of identify {unknown}
 i - a scroll of fog {unknown}
Potions
 b - a potion of degeneration {unknown}
 g - a potion of heal wounds {unknown}
 h - a potion of invisibility {unknown}


   Skills:
 - Level 2.4 Dodging
 - Level 2.4 Stealth
 + Level 3.6 Spellcasting
 + Level 2.4 Conjurations
 + Level 0.3 Hexes
 + Level 4.0 Fire Magic


You couldn't memorise any spells.
You knew the following spells:

 Your Spells              Type           Power      Damage    Failure   Level
a - Foxfire               Conj/Fire      68%        2x1d7     3%          1
b - Scorch                Fire           40%        2d7       3%          2
c - Conjure Flame         Conj/Fire      17%        6-21      10%         3
d - Inner Flame           Hex/Fire       12%        N/A       16%         3

Your spell library contained the following spells:

 Spells                   Type           Power      Damage    Failure   Level
 Flame Wave               Conj/Fire      17%        2d6       32%         4


Dungeon Overview and Level Annotations

Branches:
Dungeon (2/15)

Altars:

Shops:
D:1 ?(([

Annotations:
D:2 Robin


Message History

The goblin shoots a stone.
The stone hits you.
* * * LOW HITPOINT WARNING * * *
You open the door. Robin throws the goblin at you!
* * * LOW HITPOINT WARNING * * *
You miss the goblin.
The goblin is moderately wounded.
The goblin hits you with a +0 dagger.
* * * LOW HITPOINT WARNING * * *
The goblin unwields a +0 hunting sling.
The goblin wields a +0 dagger.
The goblin hits you but does no damage.
You hit the goblin.
You kill the goblin!
The goblin hits you with a +0 dagger.
* * * LOW HITPOINT WARNING * * *
Robin throws the goblin at you!
Casting: Foxfire (safe; 3% risk of failure)
Press: ? - help, Q - select action, (/) - cycle Dir - look around, f - activate You conjure some foxfire!
The goblin hits you with a +0 dagger.
* * * LOW HITPOINT WARNING * * *
Unknown command.
You hit the goblin.
The goblin is heavily wounded.
The foxfire hits Robin but does no damage.
Robin is almost dead.
The goblin hits you with a +0 dagger.
* * * LOW HITPOINT WARNING * * *
A goblin comes into view. It is wielding a +0 club.
Casting: Foxfire (safe; 3% risk of failure)
Confirm with . or Enter, or press ? or * to list all spells.
Okay, then.
Unknown command.
You aren't carrying any items that you can evoke.
As you read the scroll labelled DEWNODAREA, it crumbles to dust.
You feel aware of your surroundings.
You sensed 1 altar.
It was a scroll of magic mapping.
The goblin no longer looks unusually strong.
The hobgoblin no longer looks unusually strong.
The goblin hits you with a +0 dagger.
You die...

**# **
****#################.# *,
*,,,........g...g.)).)#****,
**,**######g.(...g.#g)...,,,
*,* #g######.#,,...,*, *,*
#g# #....#*,**#,*, *,* #@#
#.#.....# *,*, *,*
*****#g#*#.#.##### *,*, *,*
*,,,,...*#.#.# **+*+ *,*
*,,,....##.#.# *,,,, *,*
*,,.....##.#.# *,,,, *,*
*,......##.#.# *,,,, *,*
*.......##.#.# *,,,, *,*
#.......##.#,******,,,, *,*
******#.#..#,,,,,,+,,,,


You could see Robin, a hobgoblin and 3 goblins.

Vanquished Creatures
  A worm (D:2)
  2 dart slugs (D:1)
  2 ball pythons (D:1)
  3 endoplasms
  2 giant cockroaches (D:1)
  8 goblins
  2 hobgoblins
  6 kobolds (D:1)
  A quokka (D:1)
  2 bats (D:1)
  4 frilled lizards (D:1)
  2 rats (D:1)
35 creatures vanquished.

Vanquished Creatures (others)
  126 foxfires
126 creatures vanquished.

Grand Total: 161 creatures vanquished

Notes
Turn   | Place    | Note
-------+----------+-------------------------------------------
     0 | D:1      | pkoi the Deep Elf Fire Elementalist began the quest for the
                  | Orb.
     0 | D:1      | Reached XP level 1. HP: 10/10 MP: 6/6
   140 | D:1      | Found Uteduxt's Weapon Emporium.
   375 | D:1      | Found Libuveuj's Weapon Shop.
   436 | D:1      | Reached XP level 2. HP: 15/15 MP: 5/8
   879 | D:1      | Found Garhaff's Magic Scroll Shop.
  1150 | D:1      | Found Siyv's Antique Armour Boutique.
  1158 | D:1      | Reached XP level 3. HP: 19/19 MP: 4/9
  1617 | D:2      | Reached skill level 4 in Fire Magic
  1625 | D:2      | Learned a level 2 spell: Scorch
  1629 | D:2      | Learned a level 3 spell: Conjure Flame
  1633 | D:2      | Learned a level 3 spell: Inner Flame
  1724 | D:2      | Noticed Robin
  1744 | D:2      | Slain by a goblin

Illustrated notes

Levels and vault maps discovered:
D:1:      dpeg_arrival_arbitrary_b, layout_basic, serial_shops,
          nicolae_shop_stone, shop, shop, shop
D:2:      layout_basic, chequers_ecumenical_altar_simple, uniq_robin,
          uniq_terence

Skill      XL: |  1  2  3 |
---------------+----------+-----
Conjurations   | 2 |  2.4
Fire Magic     | 4 |  4.0
Dodging        | |  2.4
Stealth        | |  2.4
Spellcasting   | |  3.6
Hexes          | |  0.3

Action                   || total
-------------------------++-------
Melee: Dagger            ||     4
 Cast: Foxfire           ||    92
  Use: Scroll            ||     1
Armor: Robe              ||     3
Dodge: Dodged            ||     6
